 Dungeon Crawl Stone Soup version 0.22-a0-274-gf8199ec (webtiles) character file.

13 Amnesiac the Magician (level 2, -3/16 HPs)
             Began as a Deep Elf Wizard on Mar 15, 2018.
             Slain by a goblin
             ... wielding a +0 dagger
              (4 damage)
             ... on level 2 of the Dungeon.
             The game lasted 00:00:56 (469 turns).

Amnesiac the Magician (Deep Elf Wizard)              Turns: 469, Time: 00:00:57

Health: -3/16      AC:  2    Str:  4    XL:     2   Next: 24%
Magic:  1/9        EV: 13    Int: 22    God:
Gold:   28         SH:  0    Dex: 13    Spells: 10/10 levels left

rFire    . . .     SeeInvis .   f - +0 club
rCold    . . .     Gourm    .   (no shield)
rNeg     . . .     Faith    .   a - +0 robe
rPois    .         Spirit   .   b - +0 hat
rElec    .         Reflect  .   (no cloak)
rCorr    .         Harm     .   (no gloves)
MR       .....                  (no boots)
Stlth    ++........             (no amulet)
HPRegen  0.05/turn              (no ring)
MPRegen  0.11/turn              (no ring)

@: no status effects
A: no striking features
a: no special abilities


You were on level 2 of the Dungeon.
You were not hungry.

You visited 1 branch of the dungeon, and saw 2 of its levels.

You collected 28 gold pieces.

Inventory:

Hand Weapons
 f - a +0 club (weapon)
Armour
 a - a +0 robe (worn)
 b - a +0 hat (worn)
Comestibles
 c - 4 chunks of flesh
 d - a ration


   Skills:
 * Level 1.4 Fighting
 - Level 2.4 Dodging
 - Level 2.4 Stealth
 - Level 4.5 Spellcasting
   Level 1.1 Conjurations
   Level 1.1 Summonings
   Level 1.1 Translocations


You had 10 spell levels left.
You didn't know any spells.

Dungeon Overview and Level Annotations

Branches:
Dungeon (2/15)

Altars:


Message History

The jackal barely misses you.
There is a stone staircase leading down here.
The jackal bites you.
* * * LOW HITPOINT WARNING * * *
The jackal bites you.
* * * LOW HITPOINT WARNING * * *
You climb downwards. 2 bats, an adder and a goblin come into view.
Found a scroll labeled HYNTI EGARCHYH.
There is a stone staircase leading up here.
The goblin shouts!
The bat hits you.
* * * LOW HITPOINT WARNING * * *
The bat hits you.
* * * LOW HITPOINT WARNING * * *
The bat hits you but does no damage. The jackal barely misses you.
The bat barely misses you.
There is a fountain of clear blue water here.
The bat closely misses you. The bat barely misses you. The bat hits you.
* * * LOW HITPOINT WARNING * * *
The bat misses you. x2
The bat closely misses you.
Casting: Magic Dart (safe; 7% risk of failure)
Confirm with . or Enter, or press ? or * to list all spells.
Aiming: Magic Dart (safe; 7% risk of failure)
Press: ? - help, Shift-Dir - straight line, f - bat
Aim: a bat The magic dart hits the bat.
You kill the bat!
The bat closely misses you.
Casting: Magic Dart (safe; 7% risk of failure)
Confirm with . or Enter, or press ? or * to list all spells.
Aiming: Magic Dart (safe; 7% risk of failure)
Press: ? - help, Shift-Dir - straight line, f - bat
Aim: a bat The magic dart hits the bat.
The bat is moderately wounded.
The bat hits you.
* * * LOW HITPOINT WARNING * * *
The bat barely misses you.
Unknown command.
The bat hits you but does no damage. The bat barely misses you.
Really read
e - a scroll labeled UNIMNI WEAMIHA {!r}?
As you read the scroll labeled UNIMNI WEAMIHA {!r}, it crumbles to dust.
It is a scroll of amnesia.
Your memory of Magic Dart unravels.
The jackal misses you. The bat closely misses you.
You aren't carrying any potions.
You hit the jackal.
The jackal is heavily wounded.
The bat hits you but does no damage. The bat closely misses you.
The jackal barely misses you. The jackal closely misses you.
The bat hits you but does no damage.
You closely miss the jackal.
The jackal is heavily wounded.
The bat closely misses you. The jackal barely misses you.
The bat completely misses you. The jackal closely misses you.
You barely miss the jackal.
The jackal is heavily wounded.
The bat barely misses you. The goblin hits you but does no damage.
The jackal misses you. The goblin hits you with a dagger.
You die...

..... #...# #...#
#..##
#####.⌠.#######
...............##
...#.⌠...⌠.#....#
........b..#.hg.##
##....<...###@.b#
#........# ##..#
##.⌠..?⌠.# #..#
##.....## #...
##.⌠.## #.## ##.##
## ###


You could see a jackal, a goblin and a bat.

Vanquished Creatures
  A dart slug (D:1)
  2 hobgoblins (D:1)
  A jackal (D:1)
  A kobold (D:1)
  A ball python (D:1)
  A bat (D:2)
  A frilled lizard (D:1)
  A goblin (D:1)
  3 rats (D:1)
12 creatures vanquished.

Vanquished Creatures (others)
  A hobgoblin (D:1)
  A bat (D:1)
2 creatures vanquished.

Grand Total: 14 creatures vanquished

Notes
Turn   | Place    | Note
-------+----------+-------------------------------------------
     0 | D:1      | Amnesiac the Deep Elf Wizard began the quest for the Orb.
     0 | D:1      | Reached XP level 1. HP: 10/10 MP: 7/7
    45 | D:1      | Reached skill level 1 in Fighting
   272 | D:1      | Reached XP level 2. HP: 7/16 MP: 0/9
   469 | D:2      | Slain by a goblin

Vault maps used:
D:1:      lemuel_arrival_rhombus, lemuel_flame_loot_1
D:2:      makhleb_blood_cavern_becter, dancing_weapons_uskayaw, first_ration,
          grunt_ministairs_2, lemuel_statue_altar

Skill      XL: |  1 |
---------------+----+-----
Fighting       | 1 |  1.4
Dodging        | |  2.4
Stealth        | |  2.4
Spellcasting   | |  4.5
Conjurations   | |  1.1
Summonings     | |  1.1
Translocations | |  1.1

Action                   || total
-------------------------++-------
Melee: Unarmed           ||    14
       Club              ||    12
 Cast: Magic Dart        ||    36
  Use: Scroll            ||     1
Armor: Robe              ||    10
Dodge: Dodged            ||    59

Table legend:
 A = Spawn XP
 B = Non-spawn XP
 C = Spawn XP percentage of total XP
 D = Spawn monster count
 E = Non-spawn monster count
 F = Spawn count percentage of total count
 G = Total turns spent on level
                    A         B        C        D         E        F      G
               +---------+---------+-------+---------+---------+-------+---------
         Total |       0 |      19 |   0.0 |       0 |      12 |   0.0 |   469
               +---------+---------+-------+---------+---------+-------+---------
           D:1 |       0 |      18 |   0.0 |       0 |      11 |   0.0 |   456
           D:2 |       0 |       1 |   0.0 |       0 |       1 |   0.0 |    13
               +---------+---------+-------+---------+---------+-------+---------
